AoeStats
← felizdia1444

Black Forest

504436198Analyzed
3v3 RM · 25d ago on Sep 5, 2026· 65m 11s· 6 players
Game mode
Random Map
Map size
Normal (6 player)
Population
200
Speed
Normal
Resources
Standard
Victory
Conquest
Starting age
Dark Age
Ending age
Imperial Age
RankedLock teamsTeams togetherTeam positionsShared explorationLock speedFull tech treeHidden civsTurbo modeCheats
Victory
Defeat
🇲🇩 Mongols · Moldova
714
+12
🇹🇷 Huns · Türkiye
697
+12
🇮🇳 Khmer · India
668
+14
🇨🇱 Poles · Chile
630
-13
🇦🇺 Persians · Australia
620
-13
🇨🇱 Khmer · Chile
602
-18
SleepyBear
0:27 Loom
16:38 Feudal Age
17:38 Double-Bit Axe
17:43 Horse Collar
27:20 Castle Age
26:21 Fletching
26:32 Padded Archer Armor
27:57 Wheelbarrow
27:07 Town Watch
28:41 Caravan
29:10 Bow Saw
31:12 Hand Cart
39:10 Fortified Wall
39:11 Masonry
40:27 Nomads
41:56 Husbandry
42:06 Bloodlines
41:17 Light Cavalry
42:07 Town Patrol
45:26 Imperial Age
43:00 Murder Holes
43:27 Leather Archer Armor
43:08 Bodkin Arrow
44:35 Thumb Ring
43:51 Crossbowman
43:51 Elite Skirmisher
43:54 Man-at-Arms
43:54 Pikeman
44:35 Squires
44:20 Arson
46:00 Forging
45:50 Scale Mail Armor
45:56 Scale Barding Armor
45:32 Elite Mangudai
46:48 Hoardings
45:44 Sappers
46:35 Drill
46:36 Conscription
49:04 Bracer
49:40 Iron Casting
49:25 Chain Barding Armor
49:20 Chain Mail Armor
51:26 Chemistry
51:01 Onager
51:02 Heavy Scorpion
51:03 Capped Ram
52:51 Blast Furnace
55:24 Plate Mail Armor
54:20 Siege Onager
54:21 Siege Ram
54:23 Elite Steppe Lancer
54:23 Heavy Camel Rider
54:24 Cavalier
54:25 Hussar
54:29 Heavy Cavalry Archer
55:35 Parthian Tactics
55:51 Siphons
55:36 Guard Tower
56:07 Ballistics
55:57 Clinker Construction
55:53 Siege Engineers
55:58 Careening
61:08 Stone Mining
61:08 Gold Mining
60:55 Long Swordsman
61:34 Spies/Treason
ssemihbaki
1:15 Loom
17:05 Feudal Age
19:40 Wheelbarrow
25:27 Castle Age
23:28 Double-Bit Axe
24:00 Horse Collar
24:14 Stone Mining
24:57 Gold Mining
25:32 Scale Barding Armor
26:08 Forging
26:38 Bloodlines
28:40 Caravan
29:37 Bow Saw
29:31 Heavy Plow
31:34 Chain Barding Armor
33:04 Husbandry
33:42 Iron Casting
34:00 Caravan
35:14 Hand Cart
38:00 Imperial Age
40:14 Conscription
40:33 Plate Barding Armor
40:59 Blast Furnace
39:22 Cavalier
40:31 Paladin
General Shane
2:19 Loom
13:01 Feudal Age
13:42 Double-Bit Axe
15:52 Horse Collar
21:23 Castle Age
22:22 Heavy Plow
22:35 Bow Saw
26:10 Stone Mining
27:52 Gold Mining
30:46 Caravan
37:16 Imperial Age
37:45 Ballistics
37:36 Fortified Wall
38:54 Double Crossbow
39:05 Siege Engineers
38:57 Heavy Scorpion
40:53 Elite Ballista Elephant
41:39 Husbandry
41:50 Bloodlines
43:14 Chemistry
43:55 Conscription
felizdia1444
0:49 Loom
15:14 Feudal Age
16:52 Wheelbarrow
16:03 Town Watch
17:00 Wheelbarrow
21:59 Scale Mail Armor
22:14 Forging
21:57 Fletching
22:21 Scale Barding Armor
29:25 Castle Age
30:27 Elite Skirmisher
30:28 Crossbowman
32:31 Hand Cart
32:17 Town Patrol
34:26 Tusk Swords
38:57 Imperial Age
37:10 Husbandry
39:38 Sappers
46:12 Caravan
46:37 Masonry
56:16 Heavy Cavalry Archer
Darkbrighto
0:37 Loom
15:10 Feudal Age
15:49 Double-Bit Axe
16:39 Town Watch
16:51 Horse Collar
19:31 Wheelbarrow
21:07 Wheelbarrow
25:29 Castle Age
24:04 Stone Mining
24:09 Gold Mining
24:58 Fletching
27:02 Stone Shaft Mining
26:29 Heavy Plow
27:15 Town Patrol
27:33 Hand Cart
31:58 Murder Holes
33:46 Bow Saw
36:21 Imperial Age
35:47 Scale Barding Armor
35:55 Forging
36:00 Treadmill Crane
36:36 Fortified Wall
36:17 Light Cavalry
37:07 Bloodlines
36:59 Husbandry
37:44 Conscription
38:19 Crop Rotation
38:23 Winged Hussar
41:54 Iron Casting
41:40 Chain Barding Armor
43:11 Lechitic Legacy
46:01 Blast Furnace
DV15s
1:35 Loom
15:35 Feudal Age
15:56 Town Watch
16:54 Gold Mining
16:53 Double-Bit Axe
20:10 Castle Age
18:52 Stone Mining
21:52 Gold Shaft Mining
22:07 Bow Saw
24:02 Horse Collar
26:11 Wheelbarrow
26:32 Heavy Plow
28:15 Stone Shaft Mining
30:01 Coinage
31:15 Hand Cart
31:09 Town Patrol
34:42 Scale Barding Armor
34:47 Forging
35:00 Caravan
36:37 Murder Holes
37:03 Ballistics
41:55 Imperial Age
39:52 Heated Shot
42:50 Crop Rotation
42:45 Guilds
43:06 Banking
43:40 Two-Man Saw
43:50 Chemistry
43:02 Masonry
45:24 Elite War Elephant
49:09 Husbandry
48:30 Cavalier
51:23 Chain Barding Armor
52:47 Savar
54:12 Savar
Connection lost

Rejoining the realm…

Still unreachable

The connection could not be restored.

Session expired

The server has moved on; the page needs a fresh start.